[Event "Team 45 45 League T35"]
[Site "Internet Chess Club"]
[Date "2007.12.01"]
[Round "6"]
[White "VanillaQueen"]
[Black "hewdondada"]
[Result "0-1"]
[WhiteElo "1850"]
[BlackElo "1847"]
[Opening "Dunst (Sleipner, Heinrichsen) opening"]
[ECO "A00"]
[Time "13:03:22"]
[TimeControl "2700+45"]

1. Nc3 d5 2. e4 d4 3. Nce2 e5 4. Ng3 Nf6 5. Bc4 Be7 6. Nf3 Bg4 7. Bxf7+ Kf8 8.
Bc4 g6 9. h3 Bxf3 10. Qxf3 Kg7 11. O-O Rf8 12. Qb3 b6 13. Be2 Nbd7 14. c4 Nc5
15. Qd1 Nfxe4 16. Nxe4 Nxe4 17. Bf3 Nd6 18. Bxa8 Qxa8 19. d3 Nf5 20. Qe2 Bd6 21.
Bd2 Nh4 22. f3 Nf5 23. Qe4 Qd8 24. Be1 Ne3 25. Rf2 Rf4 26. Qc6 Qg5 27. Bd2 e4
28. dxe4 Qg3 29. Bxe3 dxe3 30. Re2 Rxf3 31. e5 Bxe5 {White resigns} 0-1

[Event "Team 45 45 League T35"]
[Site "Internet Chess Club"]
[Date "2007.11.24"]
[Round "6"]
[White "ExpertLevel"]
[Black "Lazerpawn"]
[Result "0-1"]
[WhiteElo "1832"]
[BlackElo "1763"]
[Opening "French: King's Indian attack"]
[ECO "C00"]
[Time "10:09:34"]
[TimeControl "2700+45"]

1. e4 e6 2. d3 Nc6 3. g3 d5 4. Nd2 Nf6 5. Bg2 Bc5 6. Ngf3 Bd7 7. O-O dxe4 8.
dxe4 e5 9. Nc4 Qe7 10. Bg5 O-O-O 11. Qe2 h6 12. Bxf6 Qxf6 13. c3 g5 14. b4 g4
15. Nfd2 Bf8 16. a4 h5 17. b5 Ne7 18. Ne3 Qg6 19. c4 h4 20. Rfd1 hxg3 21. fxg3
Qh5 22. Bf1 Kb8 23. Nb3 Bh6 24. Nd5 Nxd5 25. cxd5 Be3+ 26. Kh1 f5 27. Rd3 f4 28.
Rxe3 fxe3 29. Na5 Rdf8 30. Nc6+ Bxc6 31. bxc6 Rf2 32. h4 Rxe2 33. Bxe2 Rf8 34.
Rb1 b6 35. a5 Qh7 36. Bd3 e2 37. axb6 axb6 38. d6 Rf1+ 39. Rxf1 exf1=Q+ 40. Bxf1
Qxe4+ 41. Bg2 Qe1+ 42. Kh2 cxd6 43. Bf1 Qf2+ 44. Bg2 Kc7 45. Kh1 b5 46. h5 Qxg3
47. h6 Qh4+ 48. Kg1 Qxh6 49. Bf1 g3 50. Bg2 b4 51. Kf1 b3 52. Ke2 b2 53. Be4 g2
54. Bxg2 Qd2+ 55. Kf3 b1=Q 56. Bh3 Qe4+ 57. Kg3 Qdf4# {White checkmated} 0-1

[Event "Team 45 45 League T35"]
[Site "Internet Chess Club"]
[Date "2007.11.21"]
[Round "6"]
[White "GolfSuper"]
[Black "RD1974"]
[Result "0-1"]
[WhiteElo "1613"]
[BlackElo "1627"]
[Opening "Scandinavian: Pytel-Wade variation"]
[ECO "B01"]
[Time "18:02:24"]
[TimeControl "2700+45"]

1. e4 d5 2. exd5 Qxd5 3. Nc3 Qd6 4. d4 Nf6 5. Nf3 a6 6. Be3 b5 7. Bd3 Bb7 8. Qd2
e6 9. O-O-O Be7 10. Bf4 Qb6 11. Rhg1 c5 12. dxc5 Bxc5 13. Be3 O-O 14. Bxc5 Qxc5
15. Nd4 Nbd7 16. Nb3 Qc7 17. h3 Rfd8 18. g4 Ne5 19. Qe3 Nxd3+ 20. Rxd3 Rxd3 21.
Qxd3 Rd8 22. Qe2 b4 23. Na4 Ne4 24. f3 Qf4+ 25. Kb1 Nd2+ 26. Nxd2 Rxd2 27. Rd1
Rxd1+ 28. Qxd1 g6 29. Nc5 Qc7 30. Nxb7 Qxb7 31. Qd8+ Kg7 32. Qd4+ f6 33. Qd3 a5
34. b3 Qc7 35. Qb5 Kf7 36. h4 f5 37. gxf5 gxf5 38. Kb2 Kf6 39. f4 Qxf4 40. Qxa5
Qe5+ 41. Qxe5+ Kxe5 42. a4 bxa3+ 43. Kxa3 f4 {White resigns} 0-1

[Event "Team 45 45 League T35"]
[Site "Internet Chess Club"]
[Date "2007.11.26"]
[Round "6"]
[White "eurander"]
[Black "valipop"]
[Result "1/2-1/2"]
[WhiteElo "2140"]
[BlackElo "2091"]
[Opening "Queen's pawn: Torre attack"]
[ECO "A46"]
[Time "11:58:56"]
[TimeControl "2700+45"]

1. d4 Nf6 2. Nf3 e6 3. Bg5 Be7 4. Nbd2 d5 5. e3 O-O 6. Bd3 Nbd7 7. O-O c5 8. c3
c4 9. Bc2 b5 10. e4 dxe4 11. Nxe4 Bb7 12. Nxf6+ Bxf6 13. Bf4 Nb6 14. Ne5 Nd5 15.
Bg3 g6 {Game drawn by mutual agreement} 1/2-1/2

[Event "Team 45 45 League T35"]
[Site "Internet Chess Club"]
[Date "2007.11.24"]
[Round "6"]
[White "Terte"]
[Black "Morpheous"]
[Result "0-1"]
[WhiteElo "2090"]
[BlackElo "2023"]
[Opening "Sicilian: Alapin's variation (2.c3)"]
[ECO "B22"]
[Time "08:58:34"]
[TimeControl "2700+45"]

1. e4 c5 2. c3 Nc6 3. d4 d5 4. exd5 Qxd5 5. Nf3 Bg4 6. Be2 Nf6 7. h3 Bf5 8. O-O
cxd4 9. cxd4 e6 10. Nc3 Qd6 11. Nb5 Qd8 12. Bf4 Nd5 13. Bh2 a6 14. Nc3 Bb4 15.
Rc1 Nxc3 16. bxc3 Ba3 17. Qb3 Bxc1 18. Rxc1 Qe7 19. c4 O-O 20. c5 Rfd8 21. Bd6
Qd7 22. Rc3 Be4 23. Qb2 Bd5 24. Re3 b5 25. Qd2 f6 26. Ne1 Qf7 27. f4 Qg6 28. Nf3
Qb1+ 29. Kh2 Qxa2 30. Qe1 b4 31. Bd3 Nxd4 32. Qh4 Nf5 33. Bxf5 exf5 34. Qg3 Be4
35. Be7 Rd7 36. Bxf6 Rc8 37. Rxe4 fxe4 38. Ne5 Rb7 39. c6 Rbc7 40. f5 e3 41. Bh4
e2 42. f6 a5 43. Qg4 Re8 44. Qg3 Qd5 45. Nd7 Rxd7 46. cxd7 Qxd7 47. Qe1 gxf6 48.
Qg3+ Kf7 49. Qf3 Qd6+ 50. Bg3 Qxg3+ 51. Qxg3 e1=Q 52. Qc7+ Kg6 {White resigns}
0-1

[Event "Team 45 45 League T35"]
[Site "Internet Chess Club"]
[Date "2007.11.24"]
[Round "6"]
[White "rubo"]
[Black "andreip"]
[Result "0-1"]
[WhiteElo "1720"]
[BlackElo "2094"]
[Opening "Bird's opening"]
[ECO "A02"]
[Time "23:45:58"]
[TimeControl "2700+45"]

1. f4 f5 2. b3 Nf6 3. Nf3 e6 4. e3 g6 5. Bb2 Bg7 6. Be2 Qe7 7. O-O Nc6 8. Ne5
Nxe5 9. fxe5 Ne4 10. d3 Ng5 11. Nd2 b6 12. Bf3 Nxf3+ 13. Qxf3 Rb8 14. Qg3 Bb7
15. a4 Bh6 16. Ba3 Qg5 17. Qxg5 Bxg5 18. Nc4 a5 19. g3 Be7 20. Bxe7 Kxe7 21. Rf2
Ba6 22. Raf1 Bxc4 23. bxc4 Rbd8 24. e4 Rhf8 25. Kg2 fxe4 26. Rxf8 Rxf8 27. Rxf8
Kxf8 28. d4 Ke7 29. Kf2 d5 30. exd6+ cxd6 31. Ke3 d5 32. cxd5 exd5 33. c4 Kd6
34. g4 g5 35. h3 h6 36. cxd5 Kxd5 37. Ke2 Kxd4 38. Kd2 e3+ 39. Ke2 Ke4 40. Ke1
Kf3 41. Kf1 e2+ 42. Ke1 Ke3 43. h4 gxh4 44. g5 h3 45. gxh6 h2 {White resigns}
0-1

[Event "Team 45 45 League T35"]
[Site "Internet Chess Club"]
[Date "2007.11.26"]
[Round "6"]
[White "viking99"]
[Black "Steinwitz"]
[Result "0-1"]
[WhiteElo "1814"]
[BlackElo "1741"]
[Opening "Sicilian defense"]
[ECO "B34"]
[Time "15:02:24"]
[TimeControl "2700+45"]

1. e4 c5 2. Nf3 Nc6 3. d4 cxd4 4. Nxd4 g6 5. Be3 Bg7 6. Be2 Nf6 7. Nc3 O-O 8.
O-O d5 9. exd5 Nxd5 10. Nxd5 Qxd5 11. Nxc6 Qxc6 12. c3 Bf5 13. Bf3 Be4 14. Bxe4
Qxe4 15. Re1 Rfd8 16. Qb3 Qc6 17. Rad1 Rxd1 18. Rxd1 b6 19. Bg5 e6 20. Qa3 Qb7
21. Qd6 Qb8 22. Qe7 Qe8 23. Qb7 h6 24. Be7 Bf8 25. Rd7 Bxe7 26. Rxe7 Qf8 27.
Rxf7 Qxf7 28. Qxa8+ Kg7 29. Qd8 g5 30. Qd4+ Qf6 31. Qxf6+ Kxf6 32. g4 Ke5 33. f3
Kf4 34. Kf2 e5 35. c4 e4 36. fxe4 Kxe4 37. Kg3 a5 38. h4 Kd3 39. hxg5 hxg5 40.
b3 Kc3 41. Kf3 Kb2 42. Ke4 Kxa2 43. Kf5 Kxb3 44. Kxg5 a4 45. Kh6 a3 46. g5 a2
47. g6 a1=Q 48. g7 Qxg7+ 49. Kxg7 Kxc4 {White resigns} 0-1

[Event "Team 45 45 League T35"]
[Site "Internet Chess Club"]
[Date "2007.11.25"]
[Round "6"]
[White "PrincessChess"]
[Black "Wheels"]
[Result "1-0"]
[WhiteElo "1842"]
[BlackElo "1848"]
[Opening "Sicilian: closed"]
[ECO "B24"]
[Time "10:32:46"]
[TimeControl "2700+45"]

1. e4 c5 2. Nc3 Nc6 3. g3 g6 4. Bg2 Bg7 5. d3 Nf6 6. f4 d6 7. Nf3 O-O 8. O-O Bg4
9. h3 Bd7 10. Be3 a6 11. g4 b5 12. Ne2 h6 13. f5 g5 14. Ng3 Kh7 15. Qc1 Rh8 16.
c3 b4 17. Qc2 Qc7 18. Ne2 a5 19. Rac1 Rhc8 20. Qd2 Rh8 21. Qc2 Rhc8 22. d4 cxd4
23. cxd4 Qb7 24. Qd3 Qa6 25. Qxa6 Rxa6 26. Nd2 Raa8 27. e5 Ne8 28. e6 fxe6 29.
fxe6 Bxe6 30. Bxc6 Rab8 31. Be4+ Kg8 32. b3 Nf6 33. Bg2 a4 34. Rxc8+ Rxc8 35.
Rc1 Kf7 36. Rxc8 Bxc8 37. bxa4 Nd7 38. a5 Ba6 39. Kf2 e5 40. Bd5+ Ke7 41. Bc4
Bb7 42. Nb3 Nb8 43. dxe5 Bxe5 44. Ned4 Bxd4 45. Bxd4 Bc8 46. Kg3 Kf8 47. Bd5 Na6
48. Kf3 Nc7 49. Bc4 d5 50. Bd3 Kf7 51. Nc5 {Black resigns} 1-0

[Event "Team 45 45 League T35"]
[Site "Internet Chess Club"]
[Date "2007.11.26"]
[Round "6"]
[White "Budzo"]
[Black "parrot9"]
[Result "0-1"]
[WhiteElo "1702"]
[BlackElo "1675"]
[Opening "QGD semi-Slav: 5.e3"]
[ECO "D45"]
[Time "16:05:35"]
[TimeControl "2700+45"]

1. Nf3 d5 2. d4 Nf6 3. c4 c6 4. Nc3 e6 5. e3 dxc4 6. Bxc4 b5 7. Bd3 Bb7 8. O-O
Nbd7 9. e4 Nb6 10. Bg5 Be7 11. Qc2 h6 12. Bh4 a6 13. Rfd1 O-O 14. a3 Nbd7 15. b4
Re8 16. e5 Nd5 17. Bxe7 Nxe7 18. Ne4 Qb6 19. Nc5 Red8 20. Qe2 a5 21. Nxd7 Rxd7
22. Qe4 Nf5 23. g4 c5 24. Qf4 Nxd4 25. Nxd4 Rxd4 26. Qg3 Qc6 27. f3 axb4 {White
resigns} 0-1

[Event "Team 45 45 League T35"]
[Site "Internet Chess Club"]
[Date "2007.11.21"]
[Round "6"]
[White "smsxman"]
[Black "Russellovich"]
[Result "0-1"]
[WhiteElo "1536"]
[BlackElo "1759"]
[Opening "Danish gambit"]
[ECO "C21"]
[Time "11:00:36"]
[TimeControl "2700+45"]

1. e4 e5 2. d4 exd4 3. c3 dxc3 4. Nxc3 d6 5. Nf3 Nc6 6. a3 Nf6 7. Bg5 h6 8. Bxf6
Qxf6 9. Bb5 Qg6 10. O-O Bh3 11. Nh4 Qg5 12. Nd5 O-O-O 13. Bxc6 bxc6 14. Ne3 Qxh4
15. gxh3 Qxe4 16. Qg4+ Qe6 17. Rfe1 h5 18. Qxe6+ fxe6 19. b4 Be7 20. Ng2 Bf6 21.
Rac1 Kd7 22. Nf4 e5 23. Ng2 a5 24. Rb1 axb4 25. Rxb4 Ra8 26. Ra1 Rhb8 27. Rxb8
Rxb8 28. Ne3 d5 29. a4 Ra8 30. Ra2 Kd6 31. Kg2 d4 32. Nf5+ Kc5 33. Ng3 h4 34.
Ne4+ Kb4 35. Kf3 Rxa4 36. Rc2 Ra3+ 37. Kg4 d3 38. Rxc6 Bd8 39. Kf5 Ra2 40. Kxe5
d2 41. Nc3 Bf6+ 42. Rxf6 gxf6+ 43. Kxf6 Kxc3 44. f4 d1=Q 45. f5 Qd6+ 46. Kg5 Ra5
47. Kxh4 Rxf5 48. Kg4 Qf4# {White checkmated} 0-1

[Event "Team 45 45 League T35"]
[Site "Internet Chess Club"]
[Date "2007.11.24"]
[Round "6"]
[White "rkaebi"]
[Black "Mutaant"]
[Result "1-0"]
[WhiteElo "1416"]
[BlackElo "1433"]
[Opening "Scotch opening"]
[ECO "C44"]
[Time "13:05:31"]
[TimeControl "2700+45"]

1. e4 e5 2. Nf3 Nc6 3. d4 Qf6 4. d5 Nce7 5. Nc3 Ng6 6. Nb5 Bb4+ 7. c3 Ba5 8. b4
Bb6 9. Bg5 Bxf2+ 10. Kxf2 Qb6+ 11. Be3 c5 12. Bxc5 Qd8 13. Nd6+ Kf8 {Black
resigns} 1-0

[Event "Team 45 45 League T35"]
[Site "Internet Chess Club"]
[Date "2007.11.23"]
[Round "6"]
[White "Lazerpawn"]
[Black "BHogan"]
[Result "1/2-1/2"]
[WhiteElo "1742"]
[BlackElo "1586"]
[Opening "French: Labourdonnais variation"]
[ECO "C00"]
[Time "19:01:16"]
[TimeControl "2700+45"]

1. e4 e6 2. f4 d5 3. e5 c5 4. Nf3 Nc6 5. c3 Nge7 6. Na3 Nf5 7. Nc2 Be7 8. Bb5
Bd7 9. Bxc6 Bxc6 10. d4 Bb5 11. Ne3 Nxe3 12. Bxe3 b6 13. a4 Ba6 14. g4 O-O 15.
g5 Qc7 16. h4 Rac8 17. h5 cxd4 18. Nxd4 Qc4 19. Qf3 Bc5 20. Rg1 Rc7 21. g6 hxg6
22. hxg6 Bxd4 23. Bxd4 Qd3 24. gxf7+ Rcxf7 25. Qg2 Rc8 26. Rd1 Qh7 27. Rh1 Qf5
{Game drawn by mutual agreement} 1/2-1/2

[Event "Team 45 45 League T35"]
[Site "Internet Chess Club"]
[Date "2007.11.27"]
[Round "6"]
[White "tryanything"]
[Black "AngryPirate"]
[Result "1-0"]
[WhiteElo "1665"]
[BlackElo "1553"]
[Opening "English opening"]
[ECO "A22"]
[Time "17:05:33"]
[TimeControl "2700+45"]

1. c4 e5 2. Nc3 Nf6 3. d3 Bc5 4. g3 Nc6 5. Bg2 d6 6. e3 O-O 7. Nge2 Bf5 8. O-O
Re8 9. a3 a5 10. Nb5 e4 11. d4 Bb6 12. Qc2 Na7 13. Nxa7 Bxa7 14. Nc3 c6 15. b4
Bb6 16. b5 cxb5 17. Nxb5 Rc8 18. Qb3 Be6 19. d5 Bg4 20. Re1 Bc5 21. a4 Bb4 22.
Ba3 Bxe1 23. Rxe1 Qb6 24. Rb1 Red8 25. Nxd6 Qxb3 26. Rxb3 Rxd6 27. Bxd6 Rxc4 28.
Rxb7 Rc1+ 29. Bf1 h6 30. Rb2 Nxd5 31. Ba3 Kh7 32. Rd2 Nc3 33. Bxc1 {Black
resigns} 1-0

[Event "Team 45 45 League T35"]
[Site "Internet Chess Club"]
[Date "2007.11.25"]
[Round "6"]
[White "Lionskins"]
[Black "thalamus"]
[Result "1-0"]
[WhiteElo "1503"]
[BlackElo "1452"]
[Opening "Santasiere's folly"]
[ECO "A00"]
[Time "19:47:12"]
[TimeControl "2700+45"]

1. b4 d5 2. Nf3 Nf6 3. e3 Qd6 4. a3 Bg4 5. Nc3 c6 6. h3 Bh5 7. g4 Bg6 8. Bb2 e5
9. g5 Nfd7 10. Ne2 Be7 11. h4 f5 12. h5 Bf7 13. Ng3 g6 14. Bd3 Rf8 15. Be2 f4
16. hxg6 Bxg6 17. Nh5 Rg8 18. exf4 exf4 19. Ng7+ Kf7 20. Nh5 b6 21. c4 a6 22.
Qb3 a5 23. cxd5 cxd5 24. Rh4 Bxh5 25. Rxh5 Qg6 26. Qxd5+ Ke8 27. Rh6 Qc2 28.
Qxg8+ Nf8 29. Bg7 Ra7 30. Nd4 Qe4 31. Bxf8 Kd7 32. Bxe7 {Black resigns} 1-0

[Event "Team 45 45 League T35"]
[Site "Internet Chess Club"]
[Date "2007.11.24"]
[Round "6"]
[White "PaulKaspar"]
[Black "pishd"]
[Result "0-1"]
[WhiteElo "1875"]
[BlackElo "1793"]
[Opening "Caro-Kann: two knights, 3...Bg4"]
[ECO "B10"]
[Time "11:41:35"]
[TimeControl "2700+45"]

1. e4 c6 2. Nf3 d5 3. Nc3 Bg4 4. exd5 cxd5 5. Bb5+ Nc6 6. O-O e6 7. h3 Bh5 8.
Re1 Nf6 9. d3 Bd6 10. g4 Bg6 11. Nd4 Rc8 12. Bxc6+ bxc6 13. Be3 O-O 14. Nce2 Qc7
15. Qd2 Rb8 16. Rab1 c5 17. Nf3 Nd7 18. Bf4 e5 19. Bg3 f6 20. Nh4 Bf7 21. Nf5 d4
22. c3 Bxa2 23. Ra1 Bd5 24. Nxd6 Qxd6 25. Rxa7 Bb7 26. Kh2 Qb6 27. Raa1 Qc6 28.
Rg1 Qf3 29. Nc1 Bd5 30. c4 Bc6 31. Rb1 f5 32. gxf5 Kh8 33. Qe2 Qxf5 34. Qg4 Qf7
35. Na2 Bf3 36. Qg5 Rb6 37. b4 Rg6 38. Qd2 Rh6 39. h4 Qe7 40. Rg2 Rf4 41. Kg1
Rfxh4 42. Bxh4 Qxh4 {White resigns} 0-1

[Event "Team 45 45 League T35"]
[Site "Internet Chess Club"]
[Date "2007.11.23"]
[Round "6"]
[White "Boromir"]
[Black "ARMAND01968"]
[Result "1-0"]
[WhiteElo "1997"]
[BlackElo "1779"]
[Opening "Bird's opening"]
[ECO "A03"]
[Time "13:18:35"]
[TimeControl "2700+45"]

1. f4 d5 2. Nf3 e6 3. e3 c5 4. b3 Nf6 5. Bb2 Nc6 6. Bb5 Bd7 7. O-O a6 8. Bxc6
Bxc6 9. Ne5 Rc8 10. d3 Nd7 11. Nxc6 Rxc6 12. Qg4 Nf6 13. Qg3 d4 14. Nd2 b5 15.
a4 Nh5 16. Qf3 Qc7 17. axb5 Rb6 18. bxa6 Qa7 19. Nc4 Nf6 20. Nxb6 Qxb6 21. a7
Nd5 22. a8=Q+ Ke7 23. e4 Ne3 24. e5 Nd5 25. Ra7+ {Black resigns} 1-0

[Event "Team 45 45 League T35"]
[Site "Internet Chess Club"]
[Date "2007.11.25"]
[Round "6"]
[White "andrew28"]
[Black "ivanson"]
[Result "0-1"]
[WhiteElo "1765"]
[BlackElo "1903"]
[Opening "KP: Lopez opening"]
[ECO "C20"]
[Time "16:02:13"]
[TimeControl "2700+45"]

1. e4 e5 2. c3 Nf6 3. Qc2 Nc6 4. Nf3 Be7 5. d4 d6 6. Bg5 h6 7. Bh4 Bg4 8. Nbd2
O-O 9. d5 Nb8 10. h3 Bh5 11. g4 Bg6 12. Bxf6 Bxf6 13. h4 Nd7 14. g5 hxg5 15.
hxg5 Bxg5 16. Bh3 Bh6 17. O-O-O Nf6 18. Bf5 Bxf5 19. exf5 e4 20. Rxh6 gxh6 21.
Nxe4 Nxe4 22. Qxe4 Qf6 23. Rg1+ Kh8 24. Ng5 hxg5 25. Qh1+ Kg7 26. Qh5 Qh6 27.
f6+ Kh7 28. Qd1 Qxf6 29. Rh1+ Kg7 30. Rg1 Qf4+ 31. Kb1 Rae8 32. Qh5 f6 33. Qh3
Qe4+ 34. Kc1 Rh8 35. Qd7+ Re7 36. Qb5 Rh1 37. Rxh1 Qxh1+ 38. Kc2 Qe4+ 39. Kb3 c6
40. Qf1 Qxd5+ 41. c4 Qf3+ 42. Kb4 Re2 43. b3 Rxa2 44. c5 d5 45. Qa6 Qe4+ {White
resigns} 0-1

[Event "Team 45 45 League T35"]
[Site "Internet Chess Club"]
[Date "2007.11.27"]
[Round "6"]
[White "oldsj"]
[Black "sra66"]
[Result "1-0"]
[WhiteElo "1614"]
[BlackElo "1399"]
[Opening "Ruy Lopez: closed, Flohr-Zaitsev system (Lenzerheide variation)"]
[ECO "C92"]
[Time "19:24:56"]
[TimeControl "2700+45"]

1. e4 e5 2. Nf3 Nc6 3. Bb5 a6 4. Ba4 Nf6 5. O-O b5 6. Bb3 Be7 7. c3 O-O 8. Re1
d6 9. h3 Bb7 10. d4 exd4 11. cxd4 Na5 12. Bc2 c6 13. b3 Rc8 14. Nbd2 d5 15. e5
Nd7 16. Nf1 Bb4 17. Qd3 g6 18. Bg5 Be7 19. Bh6 Bb4 20. Bg5 Be7 21. Bh6 Bb4 22.
Re3 Re8 23. Ng3 c5 24. dxc5 Nxc5 25. Qd4 Ne6 26. Qb2 Nc6 27. Rd1 d4 28. Red3 Bc5
29. Ne4 Nb4 30. Nf6+ Kh8 31. Nxe8 Nxd3 32. Bxd3 Qxe8 33. Nd2 Qe7 34. Be4 f5 35.
exf6 Qf7 36. Bxb7 Qxb7 37. Nf3 Qf7 38. Ne5 Qxf6 39. Nd7 Qe7 40. Nxc5 Qxc5 41.
Be3 Rd8 42. b4 Qe5 43. g3 Kg8 44. Bh6 Qh5 45. Qb3 Kf7 46. Re1 Qxh3 47. Qf3+ Qf5
48. Qb7+ Kg8 49. Rxe6 Rd5 50. Qg7# {Black checkmated} 1-0

[Event "Team 45 45 League T35"]
[Site "Internet Chess Club"]
[Date "2007.11.24"]
[Round "6"]
[White "rgadoury"]
[Black "EyeAm"]
[Result "1-0"]
[WhiteElo "1254"]
[BlackElo "1363"]
[Opening "Dutch with c4 & Nc3"]
[ECO "A85"]
[Time "13:59:14"]
[TimeControl "2700+45"]

1. d4 f5 2. c4 Nf6 3. Nc3 d6 4. Nf3 g6 5. Qc2 Bg7 6. e4 fxe4 7. Nxe4 Bf5 8. Bd3
O-O 9. Nxf6+ Bxf6 10. Bxf5 gxf5 11. O-O Qe8 12. Re1 Qg6 13. c5 Kh8 14. Rb1 Rg8
15. g3 Nc6 16. Qa4 Qh5 17. Qb3 Nxd4 18. Nxd4 Bxd4 19. Be3 Bxe3 20. Rxe3 e5 21.
Qxb7 f4 22. Qf3 Qxf3 23. Rxf3 Rad8 24. Rd1 d5 25. Kf1 fxg3 26. hxg3 Kg7 27. Ra3
d4 28. Rxa7 Rd7 29. Ra6 d3 30. Re6 Rgd8 31. Rxe5 Kf6 32. Re3 {Black forfeits on
time} 1-0

[Event "Team 45 45 League T35"]
[Site "Internet Chess Club"]
[Date "2007.11.23"]
[Round "6"]
[White "chess-buddy"]
[Black "slakkjaw"]
[Result "0-1"]
[WhiteElo "1299"]
[BlackElo "1275"]
[Opening "Scotch opening"]
[ECO "C44"]
[Time "12:07:23"]
[TimeControl "2700+45"]

1. e4 e5 2. Nf3 Nc6 3. d4 d5 4. exd5 Qxd5 5. Nc3 Qd8 6. d5 Nb4 7. Bc4 Nf6 8.
Nxe5 Bd6 9. Bf4 Bf5 10. Qe2 Nxc2+ 11. Kf1 Nd4 12. Nc6+ Nxe2 13. Nxd8 Nxf4 14.
Nxb7 Bd3+ 15. Bxd3 Nxd3 16. Nb5 Kd7 17. g3 Rab8 18. N7xd6 cxd6 19. a4 Nxd5 20.
Rd1 N5b4 21. b3 Rhc8 22. Kg2 a6 23. Nd4 Rc3 24. Rd2 Rc1 25. Rdd1 Rxd1 26. Rxd1
Re8 27. Kf3 g5 28. Rd2 Ne5+ 29. Kg2 h5 30. Nf5 d5 31. Rd4 a5 32. Ne3 Kc6 33. Nf5
Kc5 34. f4 gxf4 35. Rxf4 Nbd3 36. Rh4 Rh8 37. g4 Nf4+ 38. Kg3 Neg6 39. b4+ Kxb4
40. Nd6 Nxh4 41. Kxh4 Kxa4 42. Nxf7 Rh7 43. Ne5 hxg4+ 44. Kg3 d4 45. Nxg4 Ne2+
46. Kg2 Kb3 47. Kf2 d3 {White resigns} 0-1

[Event "Team 45 45 League T35"]
[Site "Internet Chess Club"]
[Date "2007.11.25"]
[Round "6"]
[White "JoshK"]
[Black "MeansToAnEnd"]
[Result "1-0"]
[WhiteElo "1458"]
[BlackElo "926"]
[Opening "Sicilian: Smith-Morra gambit"]
[ECO "B21"]
[Time "14:59:36"]
[TimeControl "2700+45"]

1. e4 c5 2. d4 cxd4 3. c3 Nf6 4. e5 Nd5 5. cxd4 e6 6. Bc4 Bb4+ 7. Bd2 O-O 8. Nf3
Nc6 9. O-O Qb6 10. Bxd5 exd5 11. Bxb4 Qxb4 12. Qd2 Qxd2 13. Nbxd2 b6 14. Rac1
Ba6 15. Rfd1 Rac8 16. Re1 Rfe8 17. Nb1 Bc4 18. b3 Bd3 19. Nc3 Be4 20. Nxe4 dxe4
21. Rxe4 Nxd4 22. Rxc8 Rxc8 23. Ne1 Rc1 24. f4 Nc2 25. Kf2 d5 26. exd6 Rxe1 27.
d7 h6 28. Rxe1 Nxe1 29. d8=Q+ Kh7 30. Kxe1 {Black resigns} 1-0

[Event "Team 45 45 League T35"]
[Site "Internet Chess Club"]
[Date "2007.11.27"]
[Round "6"]
[White "scottrugby"]
[Black "Zyme"]
[Result "0-1"]
[WhiteElo "1496"]
[BlackElo "1462"]
[Opening "French: Burn variation"]
[ECO "C11"]
[Time "17:53:17"]
[TimeControl "2700+45"]

1. e4 e6 2. d4 d5 3. Nc3 Nf6 4. Bg5 dxe4 5. Nxe4 Be7 6. Bxf6 Bxf6 7. Nf3 Nd7 8.
Qd2 O-O 9. O-O-O b6 10. h4 c6 11. h5 Bb7 12. Nd6 Qc7 13. Nxb7 Qxb7 14. h6 g6 15.
Ne5 Nxe5 16. dxe5 Bxe5 17. Qe3 Bf6 18. Qf3 Bh8 19. Bb5 Rac8 20. Rd6 Qc7 21. Rxc6
Qe5 22. Qb3 Qg5+ 23. Qe3 Qxb5 24. Rxe6 Qxb2+ 25. Kd2 Qb4+ 26. Kc1 Bb2+ 27. Kd1
Rcd8+ 28. Ke2 Qc4+ {White resigns} 0-1

[Event "Team 45 45 League T35"]
[Site "Internet Chess Club"]
[Date "2007.11.24"]
[Round "6"]
[White "archae13"]
[Black "supraholic"]
[Result "1-0"]
[WhiteElo "1353"]
[BlackElo "1233"]
[Opening "Giuoco Piano"]
[ECO "C53"]
[Time "14:31:25"]
[TimeControl "2700+45"]

1. e4 e5 2. Nf3 Nc6 3. Bc4 Bc5 4. c3 d6 5. d4 Bg4 6. dxc5 Nf6 7. Bg5 O-O 8. O-O
Re8 9. Bb3 Qe7 10. Nbd2 Rad8 11. Qc2 Rd7 12. Nh4 h6 13. Be3 Nxe4 14. Qxe4 Qxh4
15. f3 h5 16. fxg4 hxg4 17. g3 Qh5 18. Rf2 g6 19. Raf1 Nd8 20. Qa4 d5 {Black
resigns} 1-0

[Event "Team 45 45 League T35"]
[Site "Internet Chess Club"]
[Date "2007.11.27"]
[Round "6"]
[White "CLEAN"]
[Black "rshea11"]
[Result "0-1"]
[WhiteElo "1299"]
[BlackElo "1251"]
[Opening "Giuoco Piano: four knights variation"]
[ECO "C47"]
[Time "21:03:54"]
[TimeControl "2700+45"]

1. e4 e5 2. Nf3 Nc6 3. Nc3 Nf6 4. Bc4 Bc5 5. O-O O-O 6. d3 d6 7. h3 Bd7 8. Bg5
Re8 9. a3 Ne7 10. Bxf6 gxf6 11. Qd2 Be6 12. Bxe6 fxe6 13. Qh6 Rf8 14. Ne2 d5 15.
Rad1 Qd6 16. Ng3 Rf7 17. Nh5 Raf8 18. b4 Bb6 19. Nh4 Kh8 20. Ng6+ Nxg6 21. c4
Qd7 22. c5 Bxc5 23. bxc5 Qa4 24. Rde1 Nf4 25. Re3 Nxh5 26. Qxh5 Qxa3 27. c6 bxc6
28. Rg3 Rg7 29. Rxg7 Kxg7 30. Qg4+ Kf7 31. Qh5+ Kg7 32. Qg4+ Kf7 33. Qh5+ Ke7
34. Qxh7+ Rf7 35. Qg6 Qxd3 36. Ra1 Qxe4 37. Qxe4 dxe4 38. Rxa7 Kd6 39. Kf1 Kd5
40. Ke2 Kd4 41. Ra6 Kd5 42. Ke3 f5 43. Ra5+ c5 44. Ke2 f4 45. f3 exf3+ 46. gxf3
c6 47. Ra2 e4 48. Rd2+ Ke5 49. fxe4 Kxe4 50. Rd6 f3+ 51. Kf2 Rh7 52. Rxe6+ Kd5
53. Rf6 Rxh3 54. Ke3 c4 55. Rf5+ Ke6 56. Rc5 c3 57. Rxc6+ Kd5 58. Rc8 Ke5 59.
Rc5+ Kd6 60. Rc8 Kd7 61. Rc5 Kd6 62. Rc8 Kd5 63. Rc7 f2+ 64. Kxf2 Kd4 65. Rd7+
Kc4 66. Ke2 Kb3 67. Rb7+ Kc2 68. Rb8 Kc1 69. Rb7 c2 70. Rb8 Rh2+ 71. Ke1 Rd2 72.
Rb7 Rd5 73. Rb8 Ra5 74. Rb7 Ra2 75. Ke2 Rb2 76. Rh7 Rb1 77. Rg7 Kb2 78. Rb7+ Ka3
79. Ra7+ Kb4 80. Rb7+ Ka5 {White resigns} 0-1

[Event "Team 45 45 League T35"]
[Site "Internet Chess Club"]
[Date "2007.11.26"]
[Round "6"]
[White "kabubi"]
[Black "CoasterBrake"]
[Result "1-0"]
[WhiteElo "1262"]
[BlackElo "1078"]
[Opening "Caro-Kann: advance variation"]
[ECO "B12"]
[Time "12:03:59"]
[TimeControl "2700+45"]

1. e4 c6 2. d4 d5 3. e5 Bf5 4. Bd3 Bxd3 5. Qxd3 e6 6. Qb3 Qb6 7. Qxb6 axb6 8.
Nf3 c5 9. O-O Nc6 10. c3 Nge7 11. Bg5 Nf5 12. g4 Nfe7 13. Nbd2 h6 14. Bh4 g5 15.
Bg3 Ng6 16. Ne1 Be7 17. Nb3 c4 18. Nc1 h5 19. gxh5 Rxh5 20. Ng2 Kd7 21. Ne3 Rah8
22. Ne2 Rg8 23. Kh1 f5 24. exf6 Bxf6 25. Ng4 Be7 26. a4 Bd6 27. Nf6+ Kc7 28.
Bxd6+ Kxd6 29. Nxh5 Rh8 30. Neg3 Nf4 31. Nxf4 gxf4 32. Ne2 f3 33. Ng1 Rg8 34.
Rae1 e5 35. Nxf3 {Black resigns} 1-0

[Event "Team 45 45 League T35"]
[Site "Internet Chess Club"]
[Date "2007.11.25"]
[Round "6"]
[White "Qualm"]
[Black "touchthis"]
[Result "1/2-1/2"]
[WhiteElo "1662"]
[BlackElo "1692"]
[Opening "French: exchange variation"]
[ECO "C01"]
[Time "12:03:06"]
[TimeControl "2700+45"]

1. e4 e6 2. d4 d5 3. exd5 exd5 4. Nf3 Nf6 5. c4 Be7 6. Nc3 dxc4 7. Bxc4 O-O 8.
O-O Nc6 9. h3 b6 10. Bf4 a6 11. Rc1 Bb7 12. Re1 h6 13. a3 Na5 14. Ba2 b5 15.
Bxc7 Qxc7 16. Nd5 Qd6 17. Nxe7+ Kh8 18. Nf5 Qf4 19. Ne3 Bxf3 20. Qxf3 Qxd4 21.
b4 Nc4 22. Nxc4 bxc4 23. Bxc4 Nh7 24. Qe3 Qf6 25. Qe5 Qb6 26. Qc5 Qf6 27. Qe5
Qh4 28. Qg3 Qd4 29. Qe3 Qd6 30. Qe5 Qb6 31. Qc5 Qg6 32. Qe3 Ng5 33. Qg3 Qf6 34.
Qe5 Qg6 35. Qg3 Qf6 36. Qe5 Qg6 37. Qg3 {Game drawn by repetition} 1/2-1/2